 Dungeon Crawl Stone Soup version 0.19.5 (webtiles) character file.

1984 Shoikan the Protected (level 9, 0/78 HPs)
             Began as a Minotaur Berserker on Mar 16, 2017.
             Was an Elder of Trog.
             Slain by a mummy (2 damage)
             ... in an ossuary.
             The game lasted 00:29:08 (5727 turns).

Shoikan the Protected (Minotaur Berserker)          Turns: 5727, Time: 00:29:08

Health: 0/78       AC: 16    Str: 22    XL:     9   Next: 1%
Magic:  8/8        EV:  8    Int:  4    God:    Trog [****..]
Gold:   273        SH:  0    Dex: 13    Spells: 0 memorised, 8 levels left

rFire  . . .     SeeInvis .     o - +0 mace (venom)
rCold  . . .     Gourm    .     a - +0 plate armour
rNeg   . . .     Faith    .     (no shield)
rPois  .         Spirit   .     (helmet restricted)
rElec  .         Reflect  .     (no cloak)
rCorr  .         Harm     .     (no gloves)
MR     .....                    h - +1 pair of boots
Stlth  ..........               (no amulet)
                                (no ring)
                                (no ring)

@: no status effects
A: retaliatory headbutt, horns 2
a: Berserk, Trog's Hand, Brothers in Arms, Burn Spellbooks, Renounce Religion


You were in an ossuary.
You worshipped Trog.
Trog was greatly pleased with you.
You were not hungry.

You visited 1 branch of the dungeon, and saw 6 of its levels.
You also visited: Ossuary.

You collected 273 gold pieces.

Inventory:

Hand Weapons
 e - a +0 flail
 o - a +0 mace of venom (weapon)
Armour
 a - a +0 plate armour (worn)
 h - a +1 pair of boots (worn)
Wands
 d - a wand of random effects (30/48)
 f - a wand of iceblast (1/15)
 q - a wand of enslavement (15/24)
Scrolls
 b - a scroll of immolation
 r - 3 scrolls of fear
 s - a scroll of enchant armour {unknown}
 t - a scroll of teleportation {unknown}
 u - a scroll of remove curse
Potions
 j - 2 potions of lignification
 l - a potion of agility
 n - a potion of cure mutation {unknown}
 p - a potion of curing
Comestibles
 c - 7 bread rations
 i - 4 meat rations
 k - 2 beef jerkies


   Skills:
 + Level 6.4 Fighting
 + Level 7.5(8.8) Maces & Flails
   Level 7.1(8.6) Staves
 + Level 8.3 Armour
 + Level 3.3 Dodging
 - Level 0.3 Stealth
 + Level 0.6 Evocations


You had 8 spell levels left.
You didn't know any spells.

Dungeon Overview and Level Annotations

Branches:
Dungeon (6/15)
 Temple: D:4-7

Altars:
Cheibriados
Ru
Sif Muna
Vehumet
Xom
Yredelemnul

Shops:
D:5 =[%(


Innate Abilities, Weirdness & Mutations

You reflexively headbutt those who attack you in melee.
You have a pair of horns on your head.


Message History

You closely miss the big kobold zombie.
Your headbutt misses the big kobold zombie.
The big kobold zombie is heavily damaged.
The big kobold zombie hits you but does no damage.
The orc zombie barely misses you. You furiously retaliate!
You headbutt the orc zombie. You closely miss the big kobold zombie.
You headbutt the big kobold zombie!
The big kobold zombie is severely damaged.
The mummy hits you!
* * * LOW HITPOINT WARNING * * *
The big kobold zombie hits you but does no damage.
You hit the big kobold zombie but do no damage.
The big kobold zombie is severely damaged.
The orc zombie completely misses you.
The big kobold zombie barely misses you.
You furiously retaliate!
You headbutt the big kobold zombie.
You hit the big kobold zombie but do no damage.
The big kobold zombie is almost destroyed.
The mummy hits you.
You die...

....##....##...
...............
..............
............
#........#
#......# #....#
#..MZ# #...@#
#..Z.# #....#
#....# #....#
#....# #.∩∩.#
######


You could see a mummy, a big kobold zombie and an orc zombie.

Vanquished Creatures
  2 sky beasts
  2 ice beasts
  5 ogres
  A phantom (D:5)
  2 centaurs
  2 crimson imps (D:5)
  A centaur zombie (D:4)
  A bullfrog zombie (D:5)
  A centaur skeleton (D:5)
  A hound (D:5)
  An orc priest (D:4)
  2 orc wizards
  Jessica (D:3)
  A bullfrog skeleton (D:4)
  3 iguanas (D:4)
  Terence (D:3)
  10 worker ants
  A big kobold zombie (Ossuary)
  A hound zombie (D:6)
  A hound skeleton (D:5)
  3 mummies (Ossuary)
  A worker ant zombie (D:5)
  6 adders
  2 oozes
  4 worms
  4 dart slugs
  4 leopard geckos
  18 orcs
  7 bats
  3 giant cockroaches
  A gnoll zombie (Ossuary)
  8 goblins
  2 hobgoblins
  6 jackals (D:3)
  3 kobolds
  2 quokkas
  13 frilled lizards
  A giant cockroach zombie (D:5)
  2 kobold zombies (Ossuary)
  2 orc zombies (Ossuary)
  A quokka skeleton (D:5)
  11 rats
  A plant (D:3)
145 creatures vanquished.

Notes
Turn   | Place    | Note
-------+----------+-------------------------------------------
     0 | D:1      | Shoikan the Minotaur Berserker began the quest for the Orb.
     0 | D:1      | Reached XP level 1. HP: 19/19 MP: 0/0
   203 | D:1      | Reached XP level 2. HP: 27/27 MP: 1/1
   447 | D:1      | Reached ** piety under Trog
   585 | D:2      | Reached XP level 3. HP: 33/33 MP: 2/2
  1065 | D:2      | Reached skill level 3 in Armour
  1268 | D:2      | Reached XP level 4. HP: 38/41 MP: 3/3
  1327 | D:2      | Found a basalt altar of Yredelemnul.
  1519 | D:3      | HP: 2/41 [orc/trident (6)]
  1525 | D:3      | Reached skill level 5 in Maces & Flails
  1863 | D:3      | Reached XP level 5. HP: 35/47 MP: 4/4
  2000 | D:3      | Found a snail-covered altar of Cheibriados.
  2003 | D:3      | Found a radiant altar of Vehumet.
  2004 | D:3      | Found a sacrificial altar of Ru.
  2053 | D:3      | Noticed an ogre
  2059 | D:3      | Killed an ogre
  2059 | D:3      | Reached skill level 5 in Fighting
  2314 | D:3      | Noticed Jessica
  2319 | D:3      | Killed Jessica
  2367 | D:3      | Reached XP level 6. HP: 56/56 MP: 5/5
  2414 | D:3      | Noticed Terence
  2420 | D:3      | Killed Terence
  2420 | D:3      | Reached *** piety under Trog
  2466 | D:3      | You fall through a shaft for 2 floors!
  2466 | D:5      | Entered Level 5 of the Dungeon
  2504 | D:5      | Reached skill level 4 in Armour
  2508 | D:5      | Found Qejadd's Food Emporium.
  2524 | D:5      | Noticed a sky beast
  2525 | D:5      | Found Itofefom's Antique Armour Shoppe.
  2536 | D:5      | Killed a sky beast
  2572 | D:5      | Reached skill level 1 in Staves
  2579 | D:5      | Reached XP level 7. HP: 46/61 MP: 6/6
  2700 | D:5      | Found Xeubu's Jewellery Boutique.
  2761 | D:5      | Reached skill level 5 in Armour
  3179 | D:5      | Found Gakkaiq's Weapon Shop.
  3222 | D:5      | Reached skill level 6 in Armour
  3655 | D:5      | Reached XP level 8. HP: 54/69 MP: 7/7
  4046 | D:4      | Reached skill level 5 in Staves
  4180 | D:4      | Reached skill level 7 in Armour
  4287 | D:4      | Found a deep blue altar of Sif Muna.
  4435 | D:4      | Reached **** piety under Trog
  4948 | D:4      | Found a shimmering altar of Xom.
  4948 | D:4      | Found a shimmering altar of Xom.
  4948 | D:4      | Found a shimmering altar of Xom.
  4949 | D:4      | Found a shimmering altar of Xom.
  4949 | D:4      | Found a shimmering altar of Xom.
  4955 | D:4      | Found a shimmering altar of Xom.
  5414 | D:6      | Reached skill level 8 in Armour
  5641 | D:6      | Found a sand-covered staircase.
  5650 | Ossuary  | Entered an ossuary
  5718 | Ossuary  | Reached XP level 9. HP: 20/77 MP: 8/8
  5725 | Ossuary  | HP: 1/78 [mummy (13)]
  5727 | Ossuary  | Slain by a mummy

Skill      XL: |  1  2  3  4  5  6  7  8 |
---------------+-------------------------+-----
Maces & Flails | 4 5 6 7 |  7.5
Fighting       | 4 5 6 |  6.4
Armour         | 3 4 6 8 |  8.3
Dodging        | 3 |  3.3
Staves         | 1 4 7 |  7.1
Stealth        | |  0.3
Evocations     | |  0.6

Action                   |  1- 3 |  4- 6 |  7- 9 || total
-------------------------+-------+-------+-------++-------
Melee: Mace              |    92 |    37 |    65 ||   194
       Headbutt          |    12 |    12 |    59 ||    83
       Flail             |       |    52 |       ||    52
       Quarterstaff      |       |    20 |   238 ||   258
Invok: Berserk           |       |     2 |       ||     2
Evoke: Wand              |       |     2 |       ||     2
  Use: Scroll            |     1 |     2 |     4 ||     7
       Potion            |       |     4 |       ||     4
  Eat: Chunk             |     1 |     6 |    11 ||    18
Armor: Ring mail         |    31 |    16 |       ||    47
       Skin              |       |    19 |       ||    19
       Scale mail        |       |    17 |       ||    17
       Plate armour      |       |    16 |   200 ||   216
Dodge: Dodged            |    59 |    58 |   118 ||   235
